Map: Port Aleksander LE

Players

Enpo

  • Race: Protoss Protoss
  • League: Grandmaster
  • Spawn Location: 5:00

Serral - Winner!

  • Race: Terran Terran
  • League: Master
  • Spawn Location: 11:00

VOD

Have the link to the VOD?

Description

Time

  • Played on: Dec. 10, 2018, 10:40 a.m.
  • Length: 12:26
Show
View Real Time Build Order
Export as new Build Order

Enpo Protoss 

Build Orders: 1 Gate Expand, Dark Templar Rush 

Get SALT Encoding   

  12  0:00  Probe  
  13  0:12  Probe  
  14  0:19  Pylon  
  14  0:24  Probe  
  15  0:33  Probe  
  15  0:37  Gateway  
  15  0:41  Probe  
  16  0:47  Assimilator  
  17  0:51  Probe  
  18  1:03  Probe  
  19  1:15  Probe  
  20  1:25  Nexus  
  20  1:37  Cybernetics Core  
  20  1:40  Probe  
  20  1:46  Assimilator  
  21  1:52  Pylon  
  21  1:56  Probe  
  22  2:03  Stalker  
  22  2:08  Probe  
  24  2:18  Warp Gate  
  24  2:20  Probe  
  25  2:26  Twilight Council  
  25  2:32  Probe  
  26  2:38  Probe  
  26  2:43  Stalker  
  29  2:49  Probe  
  29  2:50  Probe  
  31  3:01  Probe  
  31  3:03  Dark Shrine  
  32  3:06  Probe  
  32  3:12  Assimilator  
  33  3:13  Probe  
  33  3:18  Probe  
  35  3:25  Robotics Facility  
  35  3:26  Probe  
  35  3:28  Probe  
  37  3:34  Probe  
  37  3:36  Probe  
  39  3:42  Probe  
  39  3:45  Probe, Pylon  
  41  3:55  Charge, Shadow Stride  
  41  3:56  Gateway  
  41  3:58  Gateway  
  41  4:02  Probe  
  42  4:05  Probe  
  43  4:14  Probe  
  44  4:21  Dark Templar  
  44  4:22  Probe  
  47  4:26  Pylon  
  47  4:37  Gateway  
  47  4:38  Gateway  
  47  4:42  Gateway  
  47  4:44  Probe  
  47  4:45  Warp Prism  
  50  4:56  Probe  
  49  5:09  Stalker x2  
  49  5:11  Gateway  
  49  5:13  Pylon  
  53  5:15  Observer  
  53  5:17  Dark Templar  
  53  5:19  Pylon  
  55  5:26  Probe  
  53  5:41  Dark Templar x2, Zealot x2  
  59  5:48  Dark Templar  
  61  5:56  Dark Templar  
  63  6:14  Zealot x5  
  71  6:28  Zealot  
  71  6:31  Zealot  
  67  6:35  Zealot x5  
  61  6:44  Probe  
  62  6:51  Zealot  
  62  6:52  Zealot  
  58  6:56  Dark Templar  
  58  6:57  Zealot x3  
  52  7:08  Zealot  
  48  7:19  Dark Templar x2  
  48  7:20  Dark Templar, Zealot  
  48  7:21  Zealot x2  
  60  7:33  Zealot  
  56  7:41  Zealot x3  
  56  7:43  Probe  
  52  7:51  Probe  
  52  7:52  Zealot  
  52  7:53  Zealot x3  
  61  8:00  Zealot x2  
  58  8:08  Dark Templar  
  57  8:13  Dark Templar  
  59  8:22  Dark Templar, Zealot  
  63  8:31  Probe  
  63  8:32  Robotics Bay  
  62  8:36  Assimilator  
  62  8:42  Dark Templar  
  64  8:51  Dark Templar  
  64  8:53  Zealot x2  
  66  8:59  Dark Templar  
  66  9:00  Zealot  
  50  9:12  Zealot  
  50  9:13  Colossus  
  52  9:17  Pylon  
  52  9:29  Stalker  
  60  9:37  Stalker  
  59  9:44  Stalker  
  56  9:57  Zealot  
  53  10:02  Zealot  
  53  10:05  Colossus, Zealot  
  53  10:12  Zealot  
  51  10:32  Dark Templar  
  53  10:35  Zealot  
  53  10:39  Zealot  
  57  10:44  Zealot  
  57  10:49  Zealot  
  61  10:54  Zealot  
  63  11:02  Zealot  
  55  11:05  Zealot  
  55  11:09  Zealot  
  47  11:15  Zealot  
  19  11:42  Dark Templar  
  20  12:00  Probe  
  20  12:01  Probe  
  22  12:09  Probe  
Show
View Real Time Build Order
Export as new Build Order

Serral Terran - Winner!

Build Orders: Cyclone Opening 

Get SALT Encoding   

  12  0:00  SCV  
  13  0:12  SCV  
  14  0:17  Supply Depot  
  14  0:24  SCV  
  15  0:39  SCV  
  15  0:41  Barracks  
  16  0:45  Refinery  
  16  0:51  SCV  
  16  0:56  Refinery  
  17  1:03  SCV  
  18  1:15  SCV  
  19  1:28  Reaper, Orbital Command  
  20  1:43  Factory  
  20  1:51  Supply Depot  
  20  1:53  SCV  
  21  2:05  SCV  
  22  2:17  SCV  
  22  2:21  Command Center  
  23  2:28  Factory Tech Lab  
  23  2:29  Barracks Reactor, SCV  
  24  2:42  SCV  
  25  2:47  Cyclone  
  27  2:54  SCV  
  27  2:55  Supply Depot  
  28  3:03  Starport  
  28  3:06  SCV  
  28  3:07  Marine x2  
  31  3:18  SCV  
  31  3:19  Siege Tank  
  35  3:25  Marine x2  
  37  3:27  Liberator  
  37  3:30  SCV  
  37  3:34  Orbital Command  
  38  3:42  SCV  
  38  3:47  Marine x2  
  44  3:51  Bunker  
  44  3:54  SCV  
  45  4:04  SCV  
  45  4:05  Marine x2  
  45  4:07  SCV  
  49  4:12  Supply Depot  
  49  4:13  Factory Tech Lab  
  49  4:16  SCV  
  50  4:19  SCV  
  50  4:23  Marine x2  
  53  4:28  SCV  
  54  4:33  Raven  
  54  4:34  SCV  
  54  4:38  Command Center  
  57  4:42  Supply Depot  
  57  4:47  SCV x2  
  54  5:01  Marine  
  54  5:02  SCV x2  
  53  5:13  Barracks  
  53  5:19  Factory Tech Lab  
  53  5:20  Barracks, SCV x2  
  55  5:24  Marine  
  55  5:25  Stimpack  
  55  5:27  Factory Reactor  
  56  5:35  Starport Reactor, SCV x2  
  58  5:38  Bunker  
  58  5:39  Bunker  
  55  5:43  Marine  
  55  5:47  SCV x2  
  58  5:50  Orbital Command  
  58  5:59  SCV  
  58  6:01  Marine, Engineering Bay  
  58  6:03  Marine, Widow Mine x2  
  64  6:10  Marine x2  
  66  6:19  Marine  
  66  6:21  Medivac x2, Marine  
  69  6:28  Marine  
  62  6:35  Marine  
  62  6:37  Marine  
  59  6:43  Marine  
  59  6:46  Marine, Widow Mine x2  
  63  6:49  SCV x2  
  63  6:53  Marine  
  64  6:55  Marine  
  64  6:57  Medivac  
  64  6:58  Medivac  
  66  7:02  Marine  
  66  7:04  Marine  
  66  7:07  Widow Mine  
  63  7:10  SCV  
  63  7:11  Marine  
  63  7:15  SCV  
  63  7:19  SCV  
  64  7:22  SCV  
  64  7:25  Combat Shield  
  64  7:26  Marine  
  64  7:27  SCV  
  67  7:31  SCV  
  65  7:38  Marine x2  
  65  7:39  Marine  
  49  7:44  Marine  
  48  7:52  Widow Mine x2  
  48  7:56  Marine x2  
  48  7:57  Liberator, Marine  
  48  7:58  Liberator  
  55  8:02  Marine  
  52  8:14  Marine x2  
  52  8:15  Marine  
  61  8:20  Marine  
  61  8:24  Orbital Command  
  62  8:32  Marine x2  
  62  8:33  Marine  
  65  8:38  Marine  
  66  8:41  SCV x2  
  68  8:50  Marine x2, SCV  
  68  8:51  Marine  
  71  8:57  Marine  
  70  9:07  Marine  
  70  9:08  Marine x2  
  70  9:09  SCV  
  72  9:10  SCV  
  72  9:15  Marine  
  74  9:17  SCV  
  74  9:21  SCV  
  74  9:22  SCV  
  74  9:25  Marine x2  
  74  9:26  Marine  
  74  9:29  Terran Infantry Weapons Level 1  
  77  9:33  SCV  
  77  9:34  SCV, Orbital Command  
  79  9:40  Marine  
  79  9:43  Marine  
  79  9:44  Marauder  
  84  9:45  SCV  
  84  9:46  SCV  
  84  9:50  Marine  
  83  9:57  SCV  
  83  9:58  Marine  
  81  10:01  Marine  
  81  10:05  Marauder  
  84  10:07  SCV  
  84  10:08  SCV  
  84  10:15  SCV  
  85  10:23  Supply Depot  
  85  10:24  Supply Depot, Marine x2, SCV x2, Marauder  
  85  10:26  Marauder  
  93  10:30  Medivac x2  
  93  10:31  Widow Mine x2  
  101  10:37  Barracks  
  101  10:38  Barracks  
  101  10:44  SCV x3  
  101  10:45  Missile Turret  
  101  10:46  Refinery x2  
  104  10:53  Marine, Marauder  
  104  10:54  Marine, Marauder  
  104  10:56  SCV x3  
  110  11:07  Widow Mine x2  
  110  11:08  SCV  
  111  11:17  SCV x2  
  104  11:19  Marine x2, Marauder  
  104  11:20  Marauder  
  104  11:21  SCV  
  104  11:23  Medivac x2  
  111  11:29  Barracks Reactor, Barracks Tech Lab, Widow Mine x2  
  115  11:37  Marine x2  
  116  11:46  Marauder  
  116  11:47  Supply Depot  
  116  11:48  Supply Depot  
  116  11:50  Marauder x2  
  120  11:55  Marine x2  
  125  12:10  Supply Depot  
  125  12:11  Supply Depot  
Tags
 
Add a new tag
Caveats
  • Supply blocks, unpowered buildings, or Contaminate may cause inaccurate times.
  • Supply counts are checked every 10 seconds.